 Dungeon Crawl Stone Soup version 0.26-a0-591-g04f19ec95a (webtiles) character file.

Game seed: 12379244870998902171

9760 Pykner the Slinger (level 11, -2/87 HPs)
             Began as a Deep Dwarf Hunter on Aug 24, 2020.
             Was a Believer of Makhleb.
             Killed from afar by Josephine (34 damage)
             ... with a ghostly fireball
             ... on level 10 of the Dungeon.
             The game lasted 00:30:34 (8180 turns).

Pykner the Slinger (Deep Dwarf Hunter)              Turns: 8180, Time: 00:30:35

Health: -2/87      AC: 17    Str: 20 (23) XL:     11   Next: 27%
Magic:  4/4        EV:  9    Int: 10 (12) God:    Makhleb [**....]
Gold:   460        SH:  0    Dex: 13 (15) Spells: 14/15 levels left

rFire    . . .     SeeInvis .   O - +0 war axe (drain)
rCold    . . .     Faith    .   (no shield)
rNeg     . . .     Spirit   .   V - +2 chain mail {MR+}
rPois    .         Reflect  .   (no helmet)
rElec    .         Harm     .   (no cloak)
rCorr    .         Clarity  +   T - +0 pair of gloves
MR       ++...                  R - +0 pair of boots (curse)
Stlth    ..........             (no amulet)
HPRegen  0.00/turn              H - +4 ring of protection
MPRegen  0.09/turn              p - +6 ring of strength

@: non-regenerating, slowed, very heavily drained, very slow
A: damage resistance, heal wounds, repulsion field 1, blurry vision 1, clarity,
deterioration 1, frail 1, sense surroundings 2, screaming 1, no regeneration
a: Heal Wounds, Minor Destruction, Renounce Religion


You were on level 10 of the Dungeon.
You worshipped Makhleb.
Makhleb was pleased with you.
You visited 2 branches of the dungeon, and saw 11 of its levels.

You collected 540 gold pieces.
You spent 80 gold pieces at shops.

Inventory:

Hand Weapons
 a - a +1 hunting sling
 f - the +6 dire flail "Caiwk" {holy, +Rage rElec rC++}
   (You took it off a two-headed ogre on level 10 of the Dungeon)

   It has been blessed by the Shining One to cause great damage to the undead
   and demons.
   It greatly protects you from cold.
   It insulates you from electricity.
   It lets you go berserk.
 k - a +0 hand axe
 u - a +0 falchion of holy wrath
 x - the +5 dire flail of Generosity {holy, rPois rF++ MR+ Dex-4}
   (You took it off a two-headed ogre on level 10 of the Dungeon)

   It has been blessed by the Shining One to cause great damage to the undead
   and demons.
   It affects your dexterity (-4).
   It greatly protects you from fire.
   It protects you from poison.
   It affects your resistance to hostile enchantments.
 A - a +0 war axe
 B - the cursed +0 short sword of Fuyl {vorpal, Int+4}
   (You found it on level 5 of the Dungeon)

   It inflicts extra damage upon your enemies.
   It affects your intelligence (+4).
   It has a curse placed upon it.
 E - a +0 dagger of venom
 F - the +7 morningstar "Bixu" {freeze, *Contam *Drain rElec MR+++ Str+6}
   (You found it on level 6 of the Dungeon)

   It has been specially enchanted to freeze those struck by it, causing extra
   injury to most foes and up to half again as much damage against particularly
   susceptible opponents.
   It can also slow down cold-blooded creatures.
   It affects your strength (+6).
   It insulates you from electricity.
   It affects your resistance to hostile enchantments.
   It causes magical contamination when unequipped.
   It causes draining when unequipped.
 O - a +0 war axe of draining (weapon)
 W - a +0 hunting sling of freezing
 Y - a +0 morningstar
Missiles
 d - 62 sling bullets
 h - 223 stones (quivered)
Armour
 b - a +0 plate armour
 c - a +0 leather armour
 j - a +0 scale mail
 L - a +0 tower shield
 R - a cursed +0 pair of boots (worn)
 T - a +0 pair of gloves (worn)
 V - a +2 chain mail of magic resistance (worn)
Jewellery
 n - an uncursed ring of positive energy
 p - a +6 ring of strength (right hand)
 r - an uncursed ring of protection from cold
 z - an uncursed ring of magical power
 H - a +4 ring of protection (left hand)
 N - an uncursed ring of flight
Wands
 i - a wand of paralysis (10)
 v - a wand of flame (16)
 D - a wand of disintegration (15)
 G - a wand of polymorph (15)
 I - a wand of enslavement (9)
 M - a wand of digging (5)
Scrolls
 e - 6 scrolls of remove curse
 g - a scroll of immolation {unknown}
 l - 5 scrolls of fog {unknown}
 m - 5 scrolls of teleportation
 q - 2 scrolls of noise {unknown}
 w - 2 scrolls of magic mapping {unknown}
 y - 2 scrolls of enchant weapon {unknown}
 J - a scroll of amnesia {unknown}
 Q - a scroll of vulnerability {unknown}
 S - 2 scrolls of enchant armour {unknown}
 X - a scroll of brand weapon {unknown}
Potions
 o - 4 potions of curing
 s - a potion of lignification {unknown}
 t - 3 potions of stabbing
 P - a potion of experience {unknown}
 U - a potion of heal wounds


   Skills:
 + Level 6.2(2.7) Fighting
 + Level 0.1(0.0) Short Blades
 + Level 8.9(5.1) Axes
 + Level 11.0(7.0) Slings
 + Level 7.5(3.9) Armour
 + Level 3.4(0.2) Dodging
 + Level 2.6(0.0) Stealth
 * Level 4.6(1.2) Shields
 * Level 2.6(0.0) Spellcasting
 * Level 6.9(3.3) Evocations


You had 14 spell levels left.
You knew the following spells:

 Your Spells              Type           Power        Failure   Level
a - Apportation           Tloc           #.....       98%         1

Your spell library contained the following spells:

 Spells                   Type           Power        Failure   Level
 Animate Skeleton         Necr           #.....       98%         1
 Corona                   Hex            #......      98%         1
 Summon Small Mammal      Summ           #...         98%         1


Dungeon Overview and Level Annotations

Branches:
Dungeon (10/15)            Temple (1/1) D:5            Lair (0/6) D:8
    Orc: D:9-12

Altars:
Ashenzari
Cheibriados
Dithmenos
Elyvilon
Fedhas
Gozag
Hepliaklqana
Kikubaaqudgha
Makhleb
Nemelex Xobeh
Okawaru
Qazlal
Ru
Sif Muna
Trog
Uskayaw
Vehumet
Wu Jian
Xom
Yredelemnul
Zin
The Shining One

Shops:
D:8 *

Annotations:
D:9 exclusion: door
D:10 Josephine


Innate Abilities, Weirdness & Mutations

You are resistant to damage.
You can heal yourself by infusing magical energy.
You passively map the area around you.
You do not regenerate.
You are surrounded by a mild repulsion field. (EV +2)
Scrolls take you a little longer to read.
You possess an exceptional clarity of mind.
Your body sometimes deteriorates upon taking damage.
You are frail. (-10% HP)
You occasionally shout uncontrollably at your foes.


Message History

Josephine hits you but does no damage.
You barely miss Josephine.
Josephine is severely wounded.
You hit the wraith. The wraith barely misses you.
Josephine hits you but does no damage. The wraith barely misses you.
Josephine gestures at you while chanting.
The ghostly flame explodes!
The ghostly fireball engulfs you.
You feel drained.
The ghostly fireball engulfs the wraith.
The wraith completely resists.
The ghostly fireball engulfs Josephine.
Josephine completely resists.
You hear an angry hiss.
You hear an angry buzzing noise.
You hear a horrible gurgling sound!
You slash Josephine!
Josephine is almost dead.
You closely miss the wraith. The wraith hits you but does no damage.
Josephine hits you but does no damage. The wraith hits you but does no damage.
Josephine casts a spell at you.
The ghostly flame explodes!
The ghostly fireball engulfs you!!
You feel drained.
You die...

.....#..##..#.#...## , ,
.....#.#..#.#.#.#..# ,** *
, .....#......#......#, **
, * .....########.#.#..# *
, .............###..##, * *
, ......<......# #..# ,,*
.............###..# , ,, *
.......W.........## * ### ,
, ..........##.##.@#
*###...# *
.......#W##**##.W@##.......
, ......W...# ##.......# ,
..........# ####.##.# ** *
* ......#..#### ##....#
.##...#..##.######..####
..##.........WW....##
...##.......########
..###...#...##


You could see Josephine and a wraith.

Vanquished Creatures
  Harold (D:7)
  2 two-headed ogres (D:10)
  The ghost of Muebunlaa the Geomancer, a novice DEEE of Vehumet (D:10)
  An unseen horror (D:10)
  Maggie (D:8)
  2 trolls (D:9)
  Prince Ribbit (D:6)
  3 hippogriffs
  Sigmund (D:3)
  A wyvern (D:10)
  2 wraiths (D:10)
  3 yaks (D:10)
  Menkaure (D:7)
  2 sky beasts
  2 phantoms
  An orc warrior (D:9)
  2 ice beasts
  7 ogres
  An eye of draining (D:9)
  A necrophage (D:6)
  A crocodile (D:9)
  5 centaurs
  A big kobold (D:3)
  8 bullfrogs
  A wyvern zombie (D:6)
  2 scorpions
  2 jellies
  6 orc priests
  A gnoll shaman (D:3)
  6 hounds
  2 centaur skeletons
  10 orc wizards
  An iguana (D:5)
  Ijyb (D:5)
  8 worker ants
  3 hound skeletons
  3 gnolls
  8 adders
  A howler monkey skeleton (D:10)
  5 white imps
  An ufetubus (D:6)
  An ooze (D:2)
  A worm (D:3)
  2 adder skeletons (D:8)
  3 dart slugs
  6 leopard geckos
  54 orcs
  10 bats
  6 giant cockroaches
  6 goblins
  7 hobgoblins
  7 jackals
  9 quokkas
  10 frilled lizards
  15 kobolds
  A quokka zombie (D:5)
  4 rats
254 creatures vanquished.

Vanquished Creatures (others)
  A centaur (D:8)
  A plant (D:8)
2 creatures vanquished.

Grand Total: 256 creatures vanquished

Notes
Turn   | Place    | Note
-------+----------+-------------------------------------------
     0 | D:1      | Pykner the Deep Dwarf Hunter began the quest for the Orb.
     0 | D:1      | Reached XP level 1. HP: 19/19 MP: 1/1
   215 | D:1      | Reached XP level 2. HP: 26/26 MP: 2/2
   285 | D:1      | Reached skill level 5 in Slings
   692 | D:1      | Reached XP level 3. HP: 32/32 MP: 3/3
   831 | D:2      | Found a faded altar of an unknown god.
  1097 | D:2      | Reached skill level 1 in Armour
  1218 | D:2      | Reached skill level 1 in Axes
  1218 | D:2      | Reached XP level 4. HP: 29/39 MP: 4/4
  1250 | D:3      | Noticed Sigmund
  1272 | D:3      | Killed Sigmund
  1272 | D:3      | Reached skill level 6 in Slings
  1272 | D:3      | Reached XP level 5. HP: 20/46 MP: 5/5
  1502 | D:3      | Reached XP level 6. HP: 44/55 MP: 6/6
  1525 | D:3      | Found an iron altar of Okawaru.
  2347 | D:3      | Reached skill level 7 in Slings
  2743 | D:4      | Reached XP level 7. HP: 48/62 MP: 6/6
  3013 | D:5      | Entered Level 5 of the Dungeon
  3023 | D:5      | Found a shimmering blue altar of Sif Muna.
  3023 | D:5      | Found a glowing golden altar of the Shining One.
  3097 | D:5      | Reached skill level 8 in Slings
  3128 | D:5      | Found a shimmering altar of Xom.
  3364 | D:5      | Reached XP level 8. HP: 43/72 MP: 5/5
  3440 | D:5      | Noticed Ijyb
  3473 | D:5      | Killed Ijyb
  3485 | D:5      | Got a scorched short sword
  3488 | D:5      | Identified the cursed +0 short sword of Fuyl {vorpal,
                  | Int+4} (You found it on level 5 of the Dungeon)
  3562 | D:5      | Found a staircase to the Ecumenical Temple.
  3618 | Temple   | Entered the Ecumenical Temple
  4231 | D:5      | Reached skill level 5 in Axes
  4638 | D:6      | Reached skill level 5 in Armour
  4785 | D:6      | Noticed Prince Ribbit
  4799 | D:6      | Killed Prince Ribbit
  4799 | D:6      | Gained mutation: You passively map the area around you.
                  | [Deep Dwarf growth]
  4799 | D:6      | Reached XP level 9. HP: 43/79 MP: 3/3
  5031 | D:6      | Identified the +7 morningstar "Bixu" {freeze, *Contam
                  | *Drain rElec MR+++ Str+6} (You found it on level 6 of the
                  | Dungeon)
  5114 | D:6      | Reached skill level 9 in Slings
  5435 | D:7      | Noticed Menkaure
  5553 | D:7      | Killed Menkaure
  5606 | D:7      | Noticed Harold
  5665 | D:7      | Killed Harold
  5665 | D:7      | Reached skill level 5 in Fighting
  5665 | D:7      | Reached skill level 10 in Slings
  5912 | D:7      | Found a burning altar of Makhleb.
  5912 | D:7      | Found an ornate altar of the Wu Jian Council.
  5916 | D:7      | Became a worshipper of Makhleb the Destroyer
  6043 | D:8      | Noticed Maggie
  6064 | D:8      | Killed Maggie
  6064 | D:8      | Reached skill level 1 in Shields
  6171 | D:8      | Learned a level 1 spell: Apportation
  6197 | D:8      | Found a staircase to the Lair.
  6244 | D:8      | Reached XP level 10. HP: 51/88 MP: 2/2
  6548 | D:9      | Reached * piety under Makhleb
  7132 | D:10     | Entered Level 10 of the Dungeon
  7142 | D:10     | Found a transporter.
  7144 | D:10     | Found a transporter.
  7145 | D:10     | Noticed Muebunlaa's ghost (novice DEEE)
  7201 | D:10     | Reached ** piety under Makhleb
  7201 | D:10     | Reached skill level 5 in Evocations
  7339 | D:10     | Killed an unseen horror
  7394 | D:10     | Reached skill level 1 in Spellcasting
  7699 | D:8      | Found Enlug's Changing Room.
  7719 | D:8      | Bought a potion of mutation for 80 gold pieces
  7741 | D:8      | Gained mutation: Your body sometimes deteriorates upon
                  | taking damage. [mutagenic glow]
  7754 | D:8      | Gained mutation: Your flesh is cold resistant. (rC+)
                  | [mutagenic glow]
  7767 | D:8      | Gained mutation: Your body often deteriorates upon taking
                  | damage. [mutagenic glow]
  7787 | D:8      | Gained mutation: You occasionally shout uncontrollably at
                  | your foes. [mutagenic glow]
  7799 | D:8      | Gained mutation: You are frail. (-10% HP) [mutagenic glow]
  7807 | D:8      | Gained mutation: You are very frail. (-20% HP) [mutagenic
                  | glow]
  7822 | D:8      | Gained mutation: Scrolls take you a little longer to read.
                  | [mutagenic glow]
  7837 | D:8      | Gained mutation: You tend to lose your temper in combat.
                  | [mutagenic glow]
  7899 | D:8      | Lost mutation: You tend to lose your temper in combat.
                  | [potion of mutation]
  7899 | D:8      | Lost mutation: Your body often deteriorates upon taking
                  | damage. [potion of mutation]
  7899 | D:8      | Gained mutation: You are partially covered in iridescent
                  | scales. (AC +2) [potion of mutation]
  7899 | D:8      | Gained mutation: You are partially covered in slimy green
                  | scales. (AC +2) [potion of mutation]
  7900 | D:8      | Lost mutation: You are partially covered in slimy green
                  | scales. (AC +2) [potion of mutation]
  7900 | D:8      | Lost mutation: You are partially covered in iridescent
                  | scales. (AC +2) [potion of mutation]
  7900 | D:8      | Gained mutation: You sometimes yell uncontrollably at your
                  | foes. [potion of mutation]
  7900 | D:8      | Gained mutation: You possess an exceptional clarity of
                  | mind. [potion of mutation]
  7901 | D:8      | Lost mutation: You are very frail. (-20% HP) [potion of
                  | mutation]
  7901 | D:8      | Lost mutation: You sometimes yell uncontrollably at your
                  | foes. [potion of mutation]
  7901 | D:8      | Lost mutation: Your flesh is cold resistant. (rC+) [potion
                  | of mutation]
  7901 | D:8      | Gained mutation: You are surrounded by a mild repulsion
                  | field. (EV +2) [potion of mutation]
  8049 | D:10     | Noticed a two-headed ogre
  8049 | D:10     | Identified the +6 dire flail "Caiwk" {holy, +Rage rElec
                  | rC++}
  8049 | D:10     | Identified the +5 dire flail of Generosity {holy, rPois
                  | rF++ MR+ Dex-4}
  8049 | D:10     | Noticed a two-headed ogre
  8076 | D:10     | Killed a two-headed ogre
  8076 | D:10     | Reached XP level 11. HP: 82/87 MP: 4/4
  8077 | D:10     | Killed a two-headed ogre
  8077 | D:10     | Reached skill level 11 in Slings
  8088 | D:10     | Killed Muebunlaa's ghost
  8150 | D:10     | Noticed Josephine
  8180 | D:10     | Killed from afar by Josephine

Illustrated notes

Levels and vault maps discovered:
D:1:      minmay_arrival_widening_spiral_wide, layout_loops_ring
D:2:      layout_rooms, serial_glass, glass_columns_a, glass_columns_a,
          chequers_ecumenical_altar_simple
D:3:      cheibrodos_thug_alley, layout_basic, lemuel_round_altar,
          kennysheep_generic_room_16, uniq_sigmund
D:4:      layout_rooms, serial_curves, eino_curves_04, eino_curves_01,
          eino_curves_04, eino_curves_01
D:5:      layout_layer_cave, gammafunk_temple_overflow_statue,
          minmay_temple_entry_sparse_star, basic_altar, uniq_ijyb
D:6:      layout_basic, uniq_prince_ribbit1
D:7:      layout_rooms, gammafunk_temple_overflow_elements, uniq_menkaure,
          uniq_harold
D:8:      minmay_s_stair_smasher, layout_cave_pools, lair_entry_dummy,
          nicolae_transmutations_shop, serial_bayou_pond_a, uniq_maggie
D:9:      layout_loops_ring, hiddenorc1_lemuel
D:10:     layout_cross, gammafunk_ghost_smash, minmay_pinched_square,
          uniq_josephine
Temple:   minmay_temple_bridge_d

Skill      XL: |  1  2  3  4  5  6  7  8  9 10 11 |
---------------+----------------------------------+-----
Slings         | 5 6 7 8 10 11 | 11.0
Fighting       | 2 3 4 5 6 |  6.2
Armour         | 1 2 3 5 6 7 |  7.5
Axes           | 1 2 3 4 6 7 8 |  8.9
Dodging        | 3 |  3.4
Evocations     | 3 6 |  6.9
Stealth        | 2 |  2.6
Shields        | 1 4 |  4.6
Spellcasting   | 2 |  2.6
Short Blades   | |  0.1

Action                   |  1- 3 |  4- 6 |  7- 9 | 10-12 || total
-------------------------+-------+-------+-------+-------++-------
Melee: Hand axe          |    72 |    47 |    44 |       ||   163
       War axe           |       |       |   210 |   254 ||   464
       Dagger            |       |       |    28 |       ||    28
 Fire: Hunting sling     |    50 |   144 |   162 |    86 ||   442
 Abil: Heal Wounds       |       |     2 |    19 |    10 ||    31
Evoke: Wand              |       |       |     1 |     1 ||     2
  Use: Scroll            |       |       |     4 |     3 ||     7
       Potion            |       |       |       |     7 ||     7
 Stab: Paralysed         |       |       |     9 |       ||     9
       Distracted        |       |       |       |     1 ||     1
Armor: Leather armour    |     4 |       |       |       ||     4
       Scale mail        |    44 |    17 |       |       ||    61
       Plate armour      |       |    24 |   268 |    83 ||   375
       Chain mail        |       |       |       |   182 ||   182
Dodge: Dodged            |    65 |    53 |   113 |   175 ||   406

Table legend: (Time is in decaauts)
 A = Elapsed time spent in this place.
 B = Non-inter-level travel time spent in this place.
 C = Inter-level travel time spent in this place.
 D = Time resting spent in this place.
 E = Time spent auto-exploring this place.
 F = Levels seen in this place.
 G = Mean time per level.
                   A        B        C        D        E       F      G
               +--------+--------+--------+--------+--------+-----+--------+
         Total |   8227 |   7879 |    348 |    135 |   5447 |  11 |  747.9 |
       Dungeon |   7995 |   7655 |    340 |    135 |   5225 |  10 |  799.5 |
        Temple |    231 |    223 |      8 |      0 |    222 |   1 |  231.0 |
               +--------+--------+--------+--------+--------+-----+--------+

Top non-repeatable levels by time:
     D:5: 1344 daAuts
     D:3: 1114 daAuts
     D:6: 929 daAuts
     D:1: 824 daAuts
     D:9: 757 daAuts
    D:10: 709 daAuts
     D:8: 675 daAuts
     D:4: 632 daAuts
     D:7: 565 daAuts
     D:2: 441 daAuts
  Temple: 231 daAuts
